 Dungeon Crawl Stone Soup version 0.26.1-2-gb8aa6d0cf2 (webtiles) character file.

Game seed: 12264622982137609022

315 nightchill the Chopper (level 6, -6/56 HPs)
             Began as a Hill Orc Fighter on Mar 23, 2021.
             Mangled by a two-headed ogre
             ... wielding a +0 giant club
              (9 damage)
             ... on level 4 of the Dungeon.
             The game lasted 00:03:28 (3218 turns).

nightchill the Chopper (Hill Orc Fighter)           Turns: 3218, Time: 00:03:28

Health: -6/56      AC:  6    Str: 21    XL:     6   Next: 43%
Magic:  6/6        EV:  7    Int:  8    God:
Gold:   219        SH:  9    Dex: 10    Spells: 5/5 levels left

rFire    . . .     SeeInvis .   a - +0 war axe
rCold    . . .     Faith    .   c - +0 kite shield
rNeg     . . .     Spirit   .   b - +0 scale mail
rPois    .         Reflect  .   (no helmet)
rElec    .         Harm     .   (no cloak)
rCorr    .         Rampage  .   (no gloves)
Will     .....                  (no boots)
Stlth    ..........             (no amulet)
HPRegen  0.18/turn              (no ring)
MPRegen  0.10/turn              (no ring)

@: no status effects
A: no striking features
a: no special abilities


You were on level 4 of the Dungeon.
You visited 1 branch of the dungeon, and saw 4 of its levels.

You collected 219 gold pieces.

Inventory:

Hand Weapons
 a - a +0 war axe (weapon)
Armour
 b - a +0 scale mail (worn)
 c - a +0 kite shield (worn)
Jewellery
 i - a cursed amulet of inaccuracy {unknown}
Wands
 n - a wand of random effects (24)
Scrolls
 e - 6 scrolls of identify {unknown}
 g - 2 scrolls of amnesia {unknown}
 h - 2 scrolls of random uselessness {unknown}
 k - a scroll of enchant armour {unknown}
 o - 2 scrolls of immolation {unknown}
 q - 2 scrolls of remove curse {unknown}
 r - 3 scrolls of magic mapping {unknown}
Potions
 d - 4 potions of might
 f - 2 potions of mutation {unknown}
 j - 3 potions of attraction {unknown}
 m - a potion of resistance {unknown}
 p - a potion of brilliance {unknown}
Miscellaneous
 l - a phial of floods


   Skills:
 + Level 5.6 Fighting
 * Level 7.3 Axes
 - Level 3.2 Armour
 - Level 3.2 Shields


You had 5 spell levels left.
You didn't know any spells.
Your spell library was empty.

Dungeon Overview and Level Annotations

Branches:
Dungeon (4/15)
 Temple: D:4-7

Altars:
Fedhas

Shops:
D:4 [

Annotations:
D:2 1 runed translucent door, Crazy Yiuf


Message History

You hit the two-headed ogre.
The two-headed ogre is moderately wounded.
You slash the two-headed ogre!
The two-headed ogre is heavily wounded.
The two-headed ogre closely misses you.
The two-headed ogre hits you with a +0 giant club.
You closely miss the two-headed ogre.
The two-headed ogre is heavily wounded.
The two-headed ogre hits you with a +0 giant club!!
* * * LOW HITPOINT WARNING * * *
The two-headed ogre barely misses you.
You barely miss the two-headed ogre.
The two-headed ogre is heavily wounded.
You block the two-headed ogre's attack.
The two-headed ogre hits you with a +0 giant club!
* * * LOW HITPOINT WARNING * * *
You hit the two-headed ogre.
The two-headed ogre is severely wounded.
The two-headed ogre hits you with a +0 giant club!
You die...

#.# #.# #.# #.# #.# #.#
#O# ######## #@# #......#
########## #.# #.####.#
#........# #.#####.####.#
#.######.###..........#.#
#.# #.........#.##.#.#
#.# #.<.....#.#......#
#.# #..#...##<####.###
#.# #..##..##.# #.# #.#
#......##.# #.#


You could see a two-headed ogre.

Vanquished Creatures
  An orc priest (D:3)
  A hound (D:3)
  Jessica (D:3)
  A bullfrog skeleton (D:4)
  An iguana (D:3)
  Natasha (D:3)
  A gnoll (D:1)
  4 adders
  A white imp (D:3)
  An ooze (D:3)
  4 worms
  A dart slug (D:3)
  3 leopard geckos
  7 orcs
  18 bats
  3 giant cockroaches
  7 goblins
  5 hobgoblins
  2 frilled lizards
  9 kobolds
  8 rats
80 creatures vanquished.

Notes
Turn   | Place    | Note
-------+----------+-------------------------------------------
     0 | D:1      | nightchill the Hill Orc Fighter began the quest for the
                  | Orb.
     0 | D:1      | Reached XP level 1. HP: 19/19 MP: 1/1
   131 | D:1      | Reached skill level 3 in Axes
   178 | D:1      | Reached XP level 2. HP: 27/27 MP: 2/2
   458 | D:1      | Reached skill level 4 in Axes
   458 | D:1      | Reached XP level 3. HP: 30/33 MP: 3/3
   824 | D:2      | Found a runed translucent door.
   825 | D:2      | Noticed Crazy Yiuf
  1224 | D:2      | Found a blossoming altar of Fedhas.
  1271 | D:2      | You fall into a shaft and drop 1 floor!
  1298 | D:3      | Reached XP level 4. HP: 23/41 MP: 4/4
  1314 | D:3      | Reached skill level 5 in Axes
  1570 | D:3      | Reached XP level 5. HP: 21/47 MP: 5/5
  1903 | D:3      | Reached skill level 5 in Fighting
  1903 | D:3      | Reached skill level 6 in Axes
  1953 | D:3      | Noticed Jessica
  1961 | D:3      | Killed Jessica
  2117 | D:3      | Noticed Natasha
  2138 | D:3      | Killed Natasha
  2139 | D:3      | Reached XP level 6. HP: 30/56 MP: 6/6
  2527 | D:3      | Reached skill level 7 in Axes
  3049 | D:4      | Found Nicridin's Antique Armour Shop.
  3208 | D:4      | Noticed a two-headed ogre
  3218 | D:4      | Mangled by a two-headed ogre

Illustrated notes

Levels and vault maps discovered:
D:1:      nicolae_arrival_memento_mori, layout_loops_cross
D:2:      layout_basic, fedhas_altar_fruit_tree, minmay_tree_intersection,
          uniq_crazy_yiuf_cottage
D:3:      minmay_octagon_keep, layout_loops_ring, uniq_jessica, uniq_natasha
D:4:      layout_loops_corners, serial_shops, shop_fountains,
          nicolae_ru_path_of_blood, uniq_ijyb

Skill      XL: |  1  2  3  4  5  6 |
---------------+-------------------+-----
Axes           | 3 4 5 6 7 |  7.3
Fighting       | 4 5 |  5.6
Armour         | |  3.2
Shields        | |  3.2

Action                   |  1- 3 |  4- 6 || total
-------------------------+-------+-------++-------
Melee: War axe           |   108 |   164 ||   272
Armor: Scale mail        |    61 |    65 ||   126
Dodge: Dodged            |    43 |    46 ||    89
Block: Kite shield       |    45 |    88 ||   133
